 Dungeon Crawl Stone Soup version 0.25-a0-292-gaa31f046c4 (webtiles) character file.

Game seed: 4425761735785189409, levelgen mode: deterministic

35 MoonlitKnight the Sneak (level 3, 5/16 HPs)
             Began as a Spriggan Enchanter on Dec 15, 2019.
             Quit the game on level 2 of the Dungeon.
             The game lasted 00:03:01 (1226 turns).

MoonlitKnight the Sneak (Spriggan Enchanter)        Turns: 1226, Time: 00:03:02

Health: 5/16       AC:  2    Str:  4    XL:     3   Next: 16%
Magic:  4/8        EV: 19    Int: 16    God:
Gold:   73         SH:  0    Dex: 17    Spells: 5/8 levels left

rFire    . . .     SeeInvis +   a - +2 dagger (venom)
rCold    . . .     Gourm    .   (shield restricted)
rNeg     . . .     Faith    .   b - +0 robe
rPois    .         Spirit   .   (helmet restricted)
rElec    .         Reflect  .   (no cloak)
rCorr    .         Harm     .   (gloves unavailable)
MR       .....                  (boots unavailable)
Stlth    +++.......             (no amulet)
HPRegen  0.05/turn              (no ring)
MPRegen  0.11/turn              (no ring)

@: lethally poisoned (5 -> -1), very quick
A: very small, unfitting armour, see invisible, herbivore, speed 3, slow
metabolism 2
a: no special abilities


You were on level 2 of the Dungeon.
You were not hungry.

You visited 1 branch of the dungeon, and saw 2 of its levels.

You collected 73 gold pieces.

Inventory:

Hand Weapons
 a - a +2 dagger of venom (weapon)
 c - a +0 hunting sling
Armour
 b - a +0 robe (worn)
Jewellery
 e - an uncursed amulet of rage {unknown}
 g - an uncursed ring of magical power {unknown}
Scrolls
 f - a scroll of remove curse {unknown}
 h - a scroll of enchant armour {unknown}
 i - a scroll of fog {unknown}
 j - a scroll of identify {unknown}
 k - a scroll of teleportation {unknown}
Comestibles
 d - 3 rations


   Skills:
 - Level 1.1 Short Blades
 + Level 3.6 Dodging
 + Level 5.0 Stealth
 + Level 3.3 Spellcasting
 + Level 4.1 Hexes


You had 5 spell levels left.
You knew the following spells:

 Your Spells              Type           Power        Failure   Level  Hunger
a - Corona                Hex            ###....      3%          1    None
b - Ensorcelled Hibernat  Hex/Ice        #.....       12%         2    ##.....

Your spell library contained the following spells:

 Spells                   Type           Power        Failure   Level  Hunger
 Confuse                  Hex            ###.....     10%         3    ###....
 Tukima's Dance           Hex            ###.....     10%         3    ###....
 Dazzling Flash           Conj/Hex       #.....       24%         3    ###....


Dungeon Overview and Level Annotations

Branches:
Dungeon (2/15)

Altars:


Innate Abilities, Weirdness & Mutations

You are very small and have problems with some larger weapons.
You are too small for most types of armour.
You have supernaturally acute eyesight. (SInv)
You are a herbivore.
You cover ground extremely quickly.
You need to consume almost no food.


Message History

Your +2 dagger of venom begins to drip with poison!
l - a +2 dagger of venom (weapon)
Adjust (i)tems, (s)pells, or (a)bilities?
Adjust which item? (? for menu, Esc to quit)
l - a +2 dagger of venom (weapon)
Adjust to which letter? (? for menu, Esc to quit)
a - a +2 dagger of venom (weapon);
l - a +1 dagger Drop what? 12/52 slots (_ for help) (? for menu, Esc to quit)
You drop a +1 dagger.
You feel sick.
You feel sick.
You see here 9 gold pieces.
You now have 73 gold pieces (gained 9).
There is a lethal amount of poison in your body!
There is a lethal amount of poison in your body!
There is a lethal amount of poison in your body!
There is a lethal amount of poison in your body!
There is a lethal amount of poison in your body!
There is a lethal amount of poison in your body!
Are you sure you want to abandon this character and quit the game? (Confirm with "yes".)

#...# ##...# ####
###....# ....##
#......#
#..####......#
#.(.....#...#
######...#...#...#
#####).(...#.#.#######
............@......#
...!.#########.(##.#
.#.. ... ##.....#
..... #.####.....##
.......#..##......# .
#.....[.#....#
###...†......#
#..#####....# ....#
##<..#


There were no monsters in sight!

Vanquished Creatures
  4 dart slugs (D:1)
  2 leopard geckos (D:1)
  2 giant cockroaches
  3 goblins
  3 hobgoblins (D:1)
  4 jackals (D:1)
  A ball python (D:2)
  A bat (D:1)
  A frilled lizard (D:1)
  2 kobolds (D:1)
23 creatures vanquished.

Notes
Turn   | Place    | Note
-------+----------+-------------------------------------------
     0 | D:1      | MoonlitKnight the Spriggan Enchanter began the quest for
                  | the Orb.
     0 | D:1      | Reached XP level 1. HP: 9/9 MP: 5/5
    99 | D:1      | Reached XP level 2. HP: 11/13 MP: 7/7
   116 | D:1      | Learned a level 2 spell: Ensorcelled Hibernation
   567 | D:1      | Reached skill level 5 in Stealth
   912 | D:1      | Reached XP level 3. HP: 9/16 MP: 3/8
  1226 | D:2      | Quit the game

Levels and vault maps discovered:
D:1:      dpeg_arrival_arbitrary_c, layout_rooms, minivault_23
D:2:      layout_rooms, chequers_ecumenical_altar_simple_redux, first_ration

Skill      XL: |  1  2 |
---------------+-------+-----
Spellcasting   | 3 |  3.3
Hexes          | 4 |  4.1
Stealth        | 5 |  5.0
Short Blades   | |  1.1
Dodging        | |  3.6

Action                   || total
-------------------------++-------
Melee: Dagger            ||   106
 Cast: Corona            ||     2
       Ensorcelled Hiber ||    16
 Stab: Sleeping          ||    10
Armor: Robe              ||     5
Dodge: Dodged            ||    86

Table legend:
 A = Non-vault XP
 B = Vault XP
 C = Vault XP percentage of total XP
 D = Non-vault monster count
 E = Vault monster count
 F = Vault count percentage of total count
                 A         B        C        D         E       F
            +---------+---------+-------+---------+---------+-------
      Total |      50 |       0 |   0.0 |      23 |       0 |   0.0
            +---------+---------+-------+---------+---------+-------
        D:1 |      44 |       0 |   0.0 |      19 |       0 |   0.0
        D:2 |       6 |       0 |   0.0 |       4 |       0 |   0.0
            +---------+---------+-------+---------+---------+-------
